 Dungeon Crawl Stone Soup version 0.31-a0-1267-gfedaa18580 (webtiles) character file.

Game seed: 859607350446169850

25510 BlackBloode the Earth Mage (level 12, -10/59 HPs)
             Began as a Deep Elf Earth Elementalist on Dec 17, 2023.
             Was an Elder of Vehumet.
             Hit by a large rock thrown by a cyclops (39 damage)
             ... on level 13 of the Dungeon.
             The game lasted 00:52:19 (17655 turns).

BlackBloode the Earth Mage (DEEE)                  Turns: 17655, Time: 00:52:20

Health: -10/59     AC:  8    Str:  5    XL:     12   Next: 90%
Magic:  27/31      EV: 18    Int: 28    God:    Vehumet [****..]
Gold:   1351       SH:  0    Dex: 15    Spells: 21/37 levels left

rFire   . . .        g - staff of earth
rCold   + + +        (no shield)
rNeg    . . .        L - +4 skin of Zhor {*Englaciate rC+++ SInv}
rPois   .            (no helmet)
rElec   .            (no cloak)
rCorr   .            s - +1 pair of gloves
SInv    +            (no boots)
Will    +....        (no amulet)
Stlth   ++           B - ring "Leibuwi" {Fly rC+ Int+2}
HPRegen 0.29/turn    J - ring of see invisible
MPRegen 0.22/turn

%: no passive effects
@: flying
A: no striking features
a: Renounce Religion


You were on level 13 of the Dungeon.
You worshipped Vehumet.
Vehumet was greatly pleased with you.
You visited 3 branches of the dungeon, and saw 15 of its levels.
You also visited: Ice Cave.

You collected 1351 gold pieces.

Inventory:

Hand Weapons
 z - a +2 dagger of venom
Armour
 e - a +1 robe of willpower
 h - +0 steam dragon scales
 s - a +1 pair of gloves (worn)
 L - the +4 skin of Zhor (worn) {*Englaciate rC+++ SInv}
   (You found it in an ice cave)

   *Englaciate: It radiates cold, occasionally slowing all nearby creatures who
   are not resistant to cold.
   rC+++:     It renders you almost immune to cold.
   SInv:      It lets you see invisible.
Magical Staves
 g - a staff of earth (weapon)
Jewellery
 b - a ring of protection from fire
 c - a ring of resist corrosion
 l - a ring of protection from cold
 u - a +6 ring of dexterity
 B - the ring "Leibuwi" (left hand) {Fly rC+ Int+2}
   (You acquired it on level 10 of the Dungeon)

   [ring of flight]

   Int+2:     It affects your intelligence (+2).
   rC+:       It protects you from cold.
   Fly:       It grants you flight.
 F - a ring of protection from cold
 G - a ring of positive energy
 J - a ring of see invisible (right hand)
 K - an amulet of guardian spirit
Wands
 k - a wand of roots (8)
 n - a wand of paralysis (22)
 o - a wand of polymorph (8)
 p - a wand of flame (16)
 w - a wand of acid (6)
 D - a wand of mindburst (11)
 I - a wand of digging (3)
Scrolls
 a - a scroll of torment {unknown}
 r - a scroll of blinking
 t - a scroll of enchant weapon
 x - a scroll of vulnerability
Potions
 d - 3 potions of degeneration
 f - 3 potions of brilliance
 i - 6 potions of ambrosia
 j - 6 potions of curing
 m - 3 potions of cancellation
 q - a potion of invisibility {unknown}
 v - 3 potions of mutation
 H - a potion of berserk rage
 M - a potion of enlightenment {unknown}


   Skills:
 + Level 12.2 Dodging
 - Level 2.4 Stealth
 + Level 13.1 Spellcasting
 + Level 10.7 Conjurations
 - Level 1.3 Transmutations
 * Level 15.4 Earth Magic


You had 21 spell levels left.
You knew the following spells:

 Your Spells              Type           Power      Damage    Failure   Level
a - Sandblast             Erth           100%       2d20      0%          1
c - Stone Arrow           Conj/Erth      100%       3d13      1%          3
d - Brom's Barrelling Bo  Conj/Erth      95%        2d10      1%          4
e - Petrify               Tmut/Erth      78%        N/A       1%          4
f - Leda's Liquefaction   Tmut/Erth      39%        N/A       1%          4

Your spell library contained the following spells:

 Spells                   Type           Power      Damage    Failure   Level
 Ozocubu's Refrigeration  Ice            9%         4d9       99%         7
 Passwall                 Tmut/Erth      65%        N/A       1%          2
 Poisonous Vapours        Pois/Air       36%        N/A       1%          2
 Sting                    Tmut/Pois      88%        1d7       2%          1
 Frozen Ramparts          Ice            36%        1d6       2%          3
 Slow                     Hex            72%        N/A       3%          1
 Olgreb's Toxic Radiance  Pois           18%        N/A       8%          4
 Confusing Touch          Hex            18%        N/A       9%          3
 Sigil of Binding         Hex            18%        N/A       9%          3
 Vampiric Draining        Necr           18%        2d7       9%          3
 Manifold Assault         Tloc           18%        N/A       28%         4
 Metabolic Englaciation   Hex/Ice        9%         N/A       63%         5
 Dispersal                Tloc           9%         N/A       99%         6
 Disjunction              Tloc           9%         N/A       100%        8


Dungeon Overview and Level Annotations

Branches:
Dungeon (13/15)            Temple (1/1) D:4            Lair (1/5) D:10
    Orc (0/2) D:11          IceCv (visited)
 Vaults: D:13-14

Altars:
Ashenzari
Cheibriados
Dithmenos
Elyvilon
Fedhas
Gozag
Hepliaklqana
Kikubaaqudgha
Makhleb
Nemelex Xobeh
Okawaru
Qazlal
Ru
Sif Muna
Trog
Uskayaw
Vehumet
Wu Jian
Xom
Yredelemnul
Zin
The Shining One

Shops:
D:3 *

Portals:
Abyss: D:5
Trove: D:12 (give 17 potions of curing)

Annotations:
D:5 2 transporters, dingleboss's ghost, novice DsHW
D:13 Rupert


Message History

Press: ? - help, Shift-Dir - straight line, f/p - gargoyle
Aim: a gargoyle, wielding a +0 flail (severely damaged, 89% to hit)
You feel a surge of power!
The stone arrow hits the gargoyle!
The gargoyle is almost destroyed.
The gargoyle hurls a stone arrow at you.
The stone arrow misses you.
Unknown command.
Unknown command.
Casting: Stone Arrow (safe; 1% risk of failure)
Confirm with . or Enter, or press ? or * to list all spells.
Aiming: Stone Arrow (safe; 1% risk of failure)
Press: ? - help, Shift-Dir - straight line, f/p - gargoyle
Aim: a gargoyle, wielding a +0 flail (almost destroyed, 89% to hit)
You feel a surge of power!
The stone arrow hits the gargoyle!
You destroy the gargoyle!
Vehumet accepts your kill.
You feel your power returning.
A cyclops comes into view.
The cyclops shouts!
The cyclops throws a large rock.
The large rock hits you!!
Ouch! That really hurt!
You hear a shout!
A cyclops is nearby!
A cyclops is nearby!
A cyclops is nearby!
Casting: Stone Arrow (safe; 1% risk of failure)
Confirm with . or Enter, or press ? or * to list all spells.
You can't see any susceptible monsters within range! (Use Z to cast anyway.) Rupert the Wild comes into view.
He is wielding a +4 great sword of electrocution.
The cyclops throws a large rock.
The large rock misses you.
Okay, then.
Casting: Stone Arrow (safe; 1% risk of failure)
Confirm with . or Enter, or press ? or * to list all spells.
Aiming: Brom's Barrelling Boulder (safe; 1% risk of failure)
Press: ? - help, Dir - move target, f - Rupert
Aim: Rupert, wielding a +4 great sword of electrocution and wearing a +0 scale mail (100% to hit)
You feel a surge of power!
You send a boulder barrelling forward!
The cyclops throws a large rock.
The large rock hits you!!!
Ouch! That really hurt!
You die...

# #.######## #.#
#######.†...# # #.#
...)........# .# #.#
########....# #######.##
#.# .####
#....###......... #.#
....## #....'......@....
#.#
###..###....###.........
#.# ##..#######
#..*)..... #.# ##..#
#.@....^.. #.# ### ##.##
#.?......C #.# ..##
#..## #......... #.#
...# ##..# #.........
#.# ...# ##.# ##########
#.# ...#####.#######
####### #.#
...#...........# #.....#
#.# ...#.#.....###.#
#.....# #.#
...#.#.......#.# #.....#
#.#


You could see Rupert (ally target), a cyclops and a friendly boulder.

Vanquished Creatures
  A hydra (D:13)
  3 two-headed ogres
  A boulder beetle (D:11)
  A centaur warrior (D:13)
  A deep elf pyromancer (D:12)
  3 ugly things
  2 manticores
  Maurice (D:11)
  3 cyclopes
  3 gargoyles
  2 kobold demonologists (D:12)
  2 rime drakes (D:11)
  2 komodo dragons
  An unseen horror (D:10)
  A queen bee (D:13)
  3 meliai (D:13)
  4 trolls
  2 shadows
  A wyvern (D:10)
  3 wraiths (D:11)
  16 yaks
  A basilisk (D:10)
  17 vampire mosquitoes
  5 steam dragons
  An acid dragon (D:8)
  6 water moccasins
  An ice beast (D:6)
  2 black bears
  A black bear (shapeshifter) (D:13)
  A sky beast (D:7)
  3 orc warriors
  5 centaurs
  An ogre (D:5)
  2 phantoms
  3 kobold brigands
  3 bullfrogs
  A gnoll sergeant (D:9)
  5 scorpions
  7 wights
  2 troll zombies (D:11)
  56 killer bees
  An elephant simulacrum (IceCv)
  4 howler monkeys
  A gnoll bouda (D:6)
  A jelly (D:6)
  9 orc priests
  6 hounds
  6 iguanas
  5 sleepcaps
  Jessica (D:3)
  11 orc wizards
  A polar bear simulacrum (IceCv)
  6 ogre zombies (D:11)
  12 gnolls
  9 adders
  2 shadow imps
  2 white imps (D:6)
  2 ufetubi (D:6)
  A worm (D:2)
  3 dart slugs
  25 orcs
  13 endoplasms
  8 giant cockroaches
  4 gnoll zombies (D:11)
  11 goblins
  5 hobgoblins
  2 jackals (D:5)
  2 quokkas
  A ball python (D:2)
  4 bats
  3 frilled lizards
  2 gnoll skeletons (D:11)
  10 kobolds
  3 orc skeletons (D:11)
  15 orc zombies (D:11)
  8 rats
378 creatures vanquished.

Vanquished Creatures (collateral kills)
  A gnoll skeleton (D:11)
  57 boulders
58 creatures vanquished.

Vanquished Creatures (others)
  111 boulders
111 creatures vanquished.

Grand Total: 547 creatures vanquished

Notes
Turn   | Place    | Note
-------+----------+-------------------------------------------
     0 | D:1      | BlackBloode the Deep Elf Earth Elementalist began the quest
                  | for the Orb.
     0 | D:1      | Reached XP level 1. HP: 10/10 MP: 6/6
    89 | D:1      | Reached XP level 2. HP: 15/15 MP: 2/8
    92 | D:1      | Learned a level 2 spell: Passwall
   514 | D:1      | Reached XP level 3. HP: 19/19 MP: 7/9
   600 | D:1      | Learned a level 3 spell: Stone Arrow
   725 | D:1      | Reached skill level 4 in Earth Magic
  1208 | D:2      | Reached XP level 4. HP: 18/24 MP: 5/11
  1213 | D:2      | Reached skill level 1 in Conjurations
  1648 | D:3      | Found Gozag's Platinum Reserve.
  1652 | D:3      | Noticed Jessica
  1653 | D:3      | Killed Jessica
  1654 | D:3      | Reached XP level 5. HP: 28/28 MP: 10/13
  1760 | D:3      | Noticed Sigmund
  1773 | D:3      | Noticed Sigmund
  1780 | D:3      | Killed Sigmund the iguana
  2292 | D:3      | Reached skill level 5 in Earth Magic
  2444 | D:3      | Found an opulent altar of Gozag.
  2684 | D:4      | Reached XP level 6. HP: 10/32 MP: 9/14
  2827 | D:4      | Learned a level 4 spell: Brom's Barrelling Boulder
  2969 | D:4      | Found a staircase to the Ecumenical Temple.
  2979 | Temple   | Entered the Ecumenical Temple
  2993 | Temple   | Became a worshipper of Vehumet
  3748 | D:5      | Entered Level 5 of the Dungeon
  3790 | D:5      | Reached skill level 5 in Spellcasting
  3790 | D:5      | Reached skill level 6 in Earth Magic
  3790 | D:5      | Reached XP level 7. HP: 28/36 MP: 3/16
  3879 | D:5      | Identified a scroll of acquirement
  3879 | D:5      | Acquired a staff of earth
  4040 | D:5      | Reached skill level 5 in Dodging
  4191 | D:5      | Found a one-way gate to the infinite horrors of the Abyss.
  4191 | D:5      | Found a transporter.
  4191 | D:5      | Noticed dingleboss's ghost (novice DsHW)
  4195 | D:5      | Found a transporter.
  4202 | D:5      | Noticed a small abomination
  4230 | D:5      | Noticed a small abomination
  4243 | D:5      | You fall into a shaft and drop 3 floors!
  4306 | D:7      | Noticed a steam dragon
  4309 | D:7      | Killed a steam dragon
  4310 | D:7      | Reached skill level 7 in Earth Magic
  4375 | D:7      | Reached XP level 8. HP: 41/41 MP: 2/18
  4629 | D:7      | Reached * piety under Vehumet
  4629 | D:7      | Offered knowledge of Foxfire by Vehumet.
  4655 | D:7      | Reached skill level 8 in Earth Magic
  4690 | D:7      | Reached skill level 5 in Conjurations
  5041 | D:7      | Found a basalt altar of Yredelemnul.
  5192 | D:7      | Reached XP level 9. HP: 45/45 MP: 17/22
  5278 | D:6      | Found a glowing golden altar of the Shining One.
  5348 | D:6      | Reached skill level 9 in Earth Magic
  5951 | D:6      | Found a snail-covered altar of Cheibriados.
  6006 | D:6      | Reached ** piety under Vehumet
  6006 | D:6      | Offered knowledge of Magic Dart by Vehumet.
  6390 | D:6      | Found a broken altar of Ashenzari.
  6397 | D:6      | Found a stormy altar of Qazlal.
  6401 | D:6      | Found a shadowy altar of Dithmenos.
  6918 | D:6      | Reached skill level 10 in Earth Magic
  7757 | D:5      | Found a blossoming altar of Fedhas.
  7757 | D:5      | Found an iron altar of Okawaru.
  8175 | D:8      | Reached XP level 10. HP: 50/50 MP: 18/24
  8328 | D:8      | Found a sacrificial altar of Ru.
  8509 | D:8      | Learned a level 4 spell: Petrify
  8548 | D:8      | Offered knowledge of Mephitic Cloud by Vehumet.
  9129 | D:9      | Reached *** piety under Vehumet
  9134 | D:9      | Reached skill level 11 in Earth Magic
  9857 | D:9      | Found a shimmering blue altar of Sif Muna.
  9950 | D:9      | Offered knowledge of Iskenderun's Mystic Blast by Vehumet.
 10240 | D:10     | Entered Level 10 of the Dungeon
 10293 | D:10     | Reached skill level 10 in Spellcasting
 10299 | D:10     | Acquired the ring "Leibuwi" {Fly rC+ Int+2}
 10307 | D:10     | Learned a level 4 spell: Leda's Liquefaction
 10470 | D:10     | Reached skill level 12 in Earth Magic
 11133 | D:10     | Found a staircase to the Lair.
 11154 | D:10     | Reached XP level 11. HP: 32/54 MP: 5/27
 11380 | D:10     | Reached **** piety under Vehumet
 11386 | D:10     | Offered knowledge of Flame Wave by Vehumet.
 11553 | D:10     | Reached skill level 10 in Dodging
 11628 | D:10     | Found an ornate altar of the Wu Jian Council.
 11799 | D:10     | Found a bloodstained altar of Trog.
 12079 | Lair:1   | Entered Level 1 of the Lair of Beasts
 12342 | D:11     | Reached skill level 13 in Earth Magic
 12360 | D:11     | Found a frozen archway.
 12369 | IceCv    | Entered an ice cave
 12369 | IceCv    | Noticed a white ugly thing
 12375 | IceCv    | Found the +4 skin of Zhor {*Englaciate rC+++ SInv}
 12379 | IceCv    | Killed a white ugly thing
 12381 | IceCv    | Found a transporter.
 12385 | IceCv    | Noticed a white ugly thing
 12388 | IceCv    | Identified the +5 ring mail of Zevypuot {-Cast rElec Will+}
 12404 | IceCv    | Found a transporter.
 12908 | D:11     | Reached ***** piety under Vehumet
 13080 | D:11     | Offered knowledge of Ozocubu's Refrigeration by Vehumet.
 13158 | D:11     | Found a staircase to the Orcish Mines.
 13433 | D:11     | Noticed a boulder beetle
 13440 | D:11     | Noticed a two-headed ogre
 13448 | D:11     | Noticed Maurice
 13758 | D:11     | Killed a two-headed ogre
 13872 | D:11     | Killed Maurice
 14015 | D:11     | Killed a boulder beetle
 14035 | D:11     | Reached XP level 12. HP: 59/59 MP: 2/29
 14435 | D:12     | Noticed a two-headed ogre
 14446 | D:12     | Killed a two-headed ogre
 14447 | D:12     | Reached skill level 14 in Earth Magic
 14550 | D:12     | Noticed a two-headed ogre
 14578 | D:12     | Killed a two-headed ogre
 15243 | D:12     | Reached skill level 10 in Conjurations
 15804 | D:12     | Found a portal to a secret trove of treasure.
 16258 | D:13     | Noticed a six-headed hydra
 16284 | D:13     | Killed a six-headed hydra
 16484 | D:13     | Noticed an entropy weaver
 16489 | D:13     | an entropy weaver changed into a black bear
 16591 | D:13     | Found a blossoming altar of Fedhas.
 16614 | D:13     | Noticed a centaur warrior
 16635 | D:13     | Killed a centaur warrior
 16636 | D:13     | Reached skill level 15 in Earth Magic
 17653 | D:13     | Noticed Rupert
 17655 | D:13     | Hit by a large rock thrown by a cyclops

Illustrated notes

Levels and vault maps discovered:
D:1:      shiori_arrival_maze, layout_basic, minmay_misc_feat_tiny,
          minmay_pentomino_z2
D:2:      layout_basic
D:3:      layout_basic, nicolae_gozag_zags_fifth_avenue, uniq_jessica,
          uniq_sigmund
D:4:      layout_loops_cross, minmay_temple_entry_mist,
          minmay_a_box_with_orc_wizards_in_it
D:5:      layout_basic, nicolae_overflow_two_pavilions,
          gammafunk_ghost_abyssal_escape, kennysheep_cluttered_room,
          dreamdust_wishing_well, minmay_gold_behind_fungi
D:6:      minmay_polygon_palace, layout_basic, minmay_overflow_temple_star_quad,
          nicolae_overflow_hidden_temple, mainiacjoe_overflow_catwalk
D:7:      layout_rooms, yredelemnul_altar_generic, minmay_unpleasant_kobolds
D:8:      cheibrodos_steamvent, layout_loops_ring, mainiacjoe_overflow_brackets,
          due_unseen_surprise
D:9:      layout_loops_cross, lemuel_blue_sif_altar, bh_walls_and_bars
D:10:     layout_roguey, lemuel_doored_altar, lemuel_tele_altar,
          minmay_lair_entry_grove
D:11:     layout_loops_ring, zombieorc2_lemuel, serial_shops,
          nicolae_shop_behind_doors, portal_ice_cave_rime, uniq_maurice
D:12:     layout_stronghold, nicolae_trove_entry_columns,
          kennysheep_nondescript, feat_on_display
D:13:     layout_basic, special_room [special_room_bee], moated_statue,
          fedhas_altar_2, uniq_rupert
Temple:   chequers_temple_sunken
Lair:1:   layout_cave_shapes, beast_lair_carwin_10, lemuel_fruit_fields,
          infiniplex_staircase_pool_2, serial_bayou_shore_a, lemuel_fruit_tree

Skill      XL: |  1  2  3  4  5  6  7  8  9 10 11 12 |
---------------+-------------------------------------+-----
Dodging        | 3 4 5 7 8 9 11 12 | 12.2
Earth Magic    | 4 5 6 7 8 10 12 13 15 | 15.4
Conjurations   | 1 2 3 4 5 6 8 9 10 | 10.7
Spellcasting   | 4 5 7 8 10 11 13 | 13.1
Stealth        | |  2.4
Transmutations | |  1.3

Action                     |  1- 3 |  4- 6 |  7- 9 | 10-12 || total
---------------------------+-------+-------+-------+-------++-------
  Melee: Dagger            |    10 |     2 |       |       ||    12
         Staff             |       |       |    14 |     9 ||    23
   Cast: Sandblast         |    47 |    63 |    28 |    42 ||   180
         Stone Arrow       |       |    15 |    81 |   109 ||   205
         Brom's Barrelling |       |       |    28 |   220 ||   248
         Petrify           |       |       |       |     2 ||     2
         Leda's Liquefacti |       |       |       |     3 ||     3
  Evoke: Wand              |       |     1 |     1 |    13 ||    15
    Use: Scroll            |       |     3 |    11 |    13 ||    27
         Potion            |       |     2 |     6 |     4 ||    12
 Armour: Robe              |     9 |    25 |    23 |    40 ||    97
         Animal skin       |       |       |       |    58 ||    58
  Dodge: Dodged            |    10 |    16 |    48 |   157 ||   231

Table legend: (Time is in decaauts)
 A = Elapsed time spent in this place.
 B = Non-inter-level travel time spent in this place.
 C = Inter-level travel time spent in this place.
 D = Time resting spent in this place.
 E = Time spent auto-exploring this place.
 F = Levels seen in this place.
 G = Mean time per level.
                   A        B        C        D        E       F      G
               +--------+--------+--------+--------+--------+-----+--------+
         Total |  17769 |  17176 |    593 |   5270 |   8451 |  16 | 1110.6 |
       Dungeon |  17442 |  16880 |    562 |   5081 |   8451 |  13 | 1341.7 |
        Temple |     32 |      2 |     30 |      0 |      0 |   1 |   32.0 |
          Lair |     13 |     13 |      0 |      0 |      0 |   1 |   13.0 |
      Ice Cave |    281 |    281 |      0 |    189 |      0 |   1 |  281.0 |
               +--------+--------+--------+--------+--------+-----+--------+

Top non-repeatable levels by time:
    D:10: 2295 daAuts
     D:6: 2224 daAuts
    D:13: 1795 daAuts
    D:11: 1580 daAuts
    D:12: 1482 daAuts
     D:9: 1387 daAuts
     D:3: 1127 daAuts
     D:5: 1093 daAuts
     D:1: 1091 daAuts
     D:7: 1027 daAuts
     D:4: 975 daAuts
     D:8: 780 daAuts
     D:2: 582 daAuts
   IceCv: 281 daAuts
  Temple: 32 daAuts
